 Dungeon Crawl Stone Soup version 0.31-a0-538-gbc85326fa9 (webtiles) character file.

Game seed: 4541930575998712280

1785 pokeman the Thaumaturge (level 8, -1/44 HPs)
             Began as a Deep Elf Hedge Wizard on Aug 13, 2023.
             Was an Initiate of Vehumet.
             Shot with an arrow by a centaur (10 damage)
             ... on level 6 of the Dungeon.
             The game lasted 00:13:23 (7334 turns).

pokeman the Thaumaturge (Deep Elf Hedge Wizard)     Turns: 7334, Time: 00:13:23

Health: -1/44      AC:  3    Str: 13    XL:     8   Next: 81%
Magic:  21/24      EV: 13    Int: 22    God:    Vehumet [......]
Gold:   302        SH:  0    Dex: 14    Spells: 19/27 levels left

rFire   . . .        C - +1 sling of the Morning {drain, rN+}
rCold   . . .        (no shield)
rNeg    + . .        b - +0 robe
rPois   .            A - +0 helmet
rElec   .            (no cloak)
rCorr   .            (no gloves)
SInv    .            (no boots)
Will    .....        (no amulet)
Stlth   ++           h - ring of flight
HPRegen 0.27/turn    y - +6 ring of strength
MPRegen 0.19/turn

%: no passive effects
@: flying
A: no striking features
a: Renounce Religion


You were on level 6 of the Dungeon.
You worshipped Vehumet.
Vehumet was noncommittal.
You visited 2 branches of the dungeon, and saw 7 of its levels.

You collected 302 gold pieces.

Inventory:

Hand Weapons
 c - a +1 dagger of draining
 C - the +1 sling of the Morning (weapon) {drain, rN+}
   (You found it on level 6 of the Dungeon)

   rN+:       It protects you from negative energy.
Armour
 b - a +0 robe (worn)
 A - a +0 helmet (worn)
Jewellery
 h - a ring of flight (left hand)
 y - a +6 ring of strength (right hand)
 D - a +6 ring of strength
 E - an amulet of guardian spirit
Wands
 s - a wand of iceblast (2)
Scrolls
 a - a scroll of enchant weapon {unknown}
 e - a scroll of revelation {unknown}
 g - a scroll of enchant armour {unknown}
 i - 4 scrolls of identify {unknown}
 k - 2 scrolls of amnesia {unknown}
 m - 2 scrolls of acquirement {unknown}
 n - 2 scrolls of noise {unknown}
 o - a scroll of fear {unknown}
 p - 3 scrolls of vulnerability {unknown}
 t - a scroll of blinking {unknown}
 v - 2 scrolls of teleportation {unknown}
 z - a scroll of brand weapon {unknown}
 B - a scroll of fog {unknown}
 F - a scroll of poison {unknown}
Potions
 d - 2 potions of magic
 f - 3 potions of lignification {unknown}
 j - 3 potions of haste {unknown}
 l - 2 potions of degeneration {unknown}
 q - 2 potions of curing {unknown}
 r - a potion of berserk rage {unknown}
 u - 2 potions of heal wounds {unknown}
 x - a potion of attraction {unknown}
Miscellaneous
 w - a phantom mirror


   Skills:
 - Level 2.0 Fighting
 + Level 3.0 Armour
 - Level 3.0 Dodging
 - Level 3.0 Stealth
 * Level 10.4 Spellcasting
 + Level 7.2 Conjurations
 - Level 1.1 Summonings
 - Level 1.1 Translocations
 - Level 1.2 Air Magic
 - Level 1.0 Poison Magic
 - Level 1.0 Evocations


You had 19 spell levels left.
You knew the following spells:

 Your Spells              Type           Power      Damage    Failure   Level
a - Magic Dart            Conj           100%       1d8       1%          1
b - Mephitic Cloud        Conj/Pois/Air  25%        N/A       4%          3
c - Call Imp              Summ           32%        N/A       5%          2
d - Blink                 Tloc           32%        N/A       5%          2

Your spell library contained the following spells:

 Spells                   Type           Power      Damage    Failure   Level
 Kiss of Death            Conj/Necr      100%       2d13      1%          1
 Slow                     Hex            44%        N/A       6%          1
 Cigotuvi's Dreadful Rot  Necr/Pois/Air  28%        N/A       6%          2
 Portal Projectile        Hex/Tloc       26%        N/A       14%         3
 Confusing Touch          Hex            11%        N/A       17%         3
 Anguish                  Hex/Necr       5%         N/A       50%         4
 Dispel Undead            Necr           11%        3d9       50%         4
 Alistair's Intoxication  Tmut/Pois      8%         N/A       78%         5


Dungeon Overview and Level Annotations

Branches:
Dungeon (6/15)             Temple (1/1) D:6

Altars:
Ashenzari
Cheibriados
Elyvilon
Fedhas
Gozag
Hepliaklqana
Makhleb
Nemelex Xobeh
Okawaru
Qazlal
Ru
Sif Muna
Trog
Uskayaw
Vehumet
Wu Jian
Yredelemnul
Zin
The Shining One

Shops:
D:1 :   D:6 *


Message History

The centaur wields a +0 orcbow.
The centaur shoots an arrow.
The arrow hits you.
A centaur comes into view.
The centaur shoots an arrow.
The arrow barely misses you.
Unknown command.
The centaur shoots an arrow.
The arrow closely misses you.
You reach down and close the door.
The centaur shoots an arrow.
The arrow hits you!
You start resting.
A centaur is nearby!
The centaur shoots an arrow.
The arrow completely misses you.
The centaur shoots an arrow.
The arrow closely misses you.
You hear a shout!
The centaur wields a +0 shortbow.
The centaur shoots an arrow.
The arrow misses you.
The centaur shoots an arrow.
The arrow hits you.
Casting: Magic Dart (safe; 1% risk of failure)
Confirm with . or Enter, or press ? or * to list all spells.
You can't see any susceptible monsters within range! (Use Z to cast anyway.)
The centaur shoots an arrow.
The arrow closely misses you.
The centaur shoots an arrow.
The arrow hits you.
The centaur shoots an arrow.
The arrow misses you.
The centaur shoots an arrow.
The arrow barely misses you.
Casting: Magic Dart (safe; 1% risk of failure)
Confirm with . or Enter, or press ? or * to list all spells.
Aiming: Mephitic Cloud (dangerous; 4% risk of failure)
Press: ? - help, Shift-Dir - straight line, p - centaur The ball explodes into a vile cloud!
The stinking cloud engulfs the centaur but does no damage.
The centaur is lightly wounded.
The centaur is engulfed in noxious fumes.
The centaur appears confused.
The centaur falls into the water!
The centaur drowns.
Vehumet accepts your kill.
You hear a splash.
The centaur shoots an arrow.
The arrow hits you.
Your Armour skill increases to level 3!
Unknown command.
The centaur shoots an arrow.
The arrow hits you!
* * * LOW HITPOINT WARNING * * *
The centaur shoots an arrow.
The arrow hits you!
You die...

#... #.≈~≈~≈~≈ #...
#.≈~≈~≈... .. .....
#.≈c≈~≈... ..#
.....##.≈~○○○...≈ ..####
#.......≈≈~○≈≈≈~≈~ #....#
#.......~≈○~○~~≈≈~ #....#
........≈~≈≈≈≈≈≈~≈ #....#
... #@≈≈~~~~~~≈≈ #....#
....##.~≈≈≈≈≈≈≈≈~ #....#
........#........
#....#####........+........
.........#....##..#........
.........#.... #..#.....###
.........#.....#..#.....#
.........#.. ..'..#.....#
)........# .#..#.....+


You could see a centaur.

Vanquished Creatures
  A water moccasin (D:5)
  2 black bears (D:4)
  A centaur (D:6)
  2 phantoms
  5 wights (D:6)
  A jelly (D:6)
  A howler monkey (D:4)
  4 hounds
  A sleepcap (D:4)
  2 orc priests (D:5)
  6 iguanas
  An orc wizard (D:3)
  A mummy (D:4)
  9 adders
  A shadow imp (D:5)
  A white imp (D:5)
  2 worms
  2 dart slugs
  21 orcs
  5 endoplasms
  13 giant cockroaches
  7 goblins
  11 hobgoblins
  8 jackals
  6 quokkas
  9 ball pythons
  9 bats
  4 frilled lizards
  A hobgoblin zombie (D:4)
  10 kobolds
  2 kobold zombies (D:4)
  An orc zombie (D:4)
  5 rats
155 creatures vanquished.

Vanquished Creatures (collateral kills)
  Sigmund (D:2)
  A water moccasin (D:5)
  An orc (D:3)
  An endoplasm (D:2)
  5 giant cockroaches (D:2)
9 creatures vanquished.

Grand Total: 164 creatures vanquished

Notes
Turn   | Place    | Note
-------+----------+-------------------------------------------
     0 | D:1      | pokeman the Deep Elf Hedge Wizard began the quest for the
                  | Orb.
     0 | D:1      | Reached XP level 1. HP: 10/10 MP: 7/7
   225 | D:1      | Reached XP level 2. HP: 16/16 MP: 5/9
   551 | D:1      | Reached skill level 5 in Spellcasting
   635 | D:1      | Found Itredif's Book Shoppe.
   721 | D:1      | Reached XP level 3. HP: 20/20 MP: 9/11
   725 | D:1      | Learned a level 3 spell: Mephitic Cloud
   728 | D:1      | Learned a level 2 spell: Call Imp
   731 | D:1      | Learned a level 2 spell: Blink
  1132 | D:2      | Found a blossoming altar of Fedhas.
  1142 | D:2      | Reached skill level 1 in Armour
  1663 | D:2      | Reached skill level 1 in Fighting
  1881 | D:2      | Reached XP level 4. HP: 14/25 MP: 13/13
  2002 | D:2      | Noticed Sigmund
  2017 | D:2      | Killed Sigmund
  2018 | D:2      | Reached skill level 5 in Conjurations
  2018 | D:2      | Reached XP level 5. HP: 29/29 MP: 11/15
  2616 | D:3      | Reached XP level 6. HP: 34/34 MP: 11/16
  3556 | D:3      | Found a faded altar of an unknown god.
  3724 | D:4      | Reached skill level 6 in Spellcasting
  4270 | D:4      | Reached skill level 1 in Poison Magic
  4466 | D:4      | Reached skill level 1 in Air Magic
  4523 | D:4      | Reached skill level 1 in Evocations
  4523 | D:4      | Reached XP level 7. HP: 38/38 MP: 11/19
  4637 | D:4      | Reached skill level 7 in Spellcasting
  5025 | D:5      | Entered Level 5 of the Dungeon
  5048 | D:5      | Reached skill level 8 in Spellcasting
  5178 | D:5      | Identified the +10 plate armour of the Shoals {Str+3}
  5202 | D:5      | Reached XP level 8. HP: 44/44 MP: 14/22
  5258 | D:5      | Found a snail-covered altar of Cheibriados.
  5277 | D:5      | Found an iron altar of Okawaru.
  5948 | D:5      | Reached skill level 9 in Spellcasting
  6674 | D:6      | Found Wun Nyru's Lightly-Used Armoury.
  6908 | D:6      | Reached skill level 10 in Spellcasting
  7130 | D:6      | Identified the +1 sling of the Morning {drain, rN+}
  7206 | D:6      | Found a staircase to the Ecumenical Temple.
  7216 | D:6      | Got the Notes on Changes and Malisons
  7222 | Temple   | Entered the Ecumenical Temple
  7242 | Temple   | Became a worshipper of Vehumet
  7334 | D:6      | Shot with an arrow by a centaur

Illustrated notes

Levels and vault maps discovered:
D:1:      roderic_crop_circles_arrival_small, layout_basic, serial_shops,
          nicolae_shop_just_a_little_nook, minmay_crystal_water
D:2:      minmay_roachtagon, layout_loops_corners, basic_altar,
          roderic_lattice_a, hangedman_glass_teeth, patterned_corridor,
          uniq_sigmund
D:3:      layout_basic, basic_ecumenical_altar
D:4:      minmay_octagon_keep, layout_basic, minmay_mini_ossuary
D:5:      layout_layer_cave, mainiacjoe_overflow_large_starburst,
          minmay_diced_spiral
D:6:      nicolae_whirlpool, layout_gridville, minmay_temple_entry_offerings,
          minmay_shop_damaged, uniq_pikel
Temple:   nicolae_temple_elliptical

Skill      XL: |  1  2  3  4  5  6  7  8 |
---------------+-------------------------+-----
Spellcasting   | 5 6 8 10 | 10.4
Armour         | 1 3 |  3.0
Fighting       | 1 2 |  2.0
Conjurations   | 2 5 6 7 |  7.2
Dodging        | 3 |  3.0
Stealth        | 3 |  3.0
Poison Magic   | 1 |  1.0
Air Magic      | 1 |  1.2
Evocations     | 1 |  1.0
Summonings     | |  1.1
Translocations | |  1.1

Action                     |  1- 3 |  4- 6 |  7- 9 || total
---------------------------+-------+-------+-------++-------
  Melee: Dagger            |    88 |    20 |    27 ||   135
         Halberd           |       |    16 |    14 ||    30
         Punch             |       |       |     2 ||     2
   Fire: Sling             |       |       |     3 ||     3
   Cast: Magic Dart        |    93 |   104 |   186 ||   383
         Call Imp          |     1 |     3 |     5 ||     9
         Mephitic Cloud    |       |     4 |     8 ||    12
         Blink             |       |       |     1 ||     1
   Stab: Sleeping          |     1 |     1 |       ||     2
         Confused          |       |     2 |     4 ||     6
 Armour: Robe              |    28 |     9 |     9 ||    46
  Dodge: Dodged            |    59 |    33 |    57 ||   149

Table legend: (Time is in decaauts)
 A = Elapsed time spent in this place.
 B = Non-inter-level travel time spent in this place.
 C = Inter-level travel time spent in this place.
 D = Time resting spent in this place.
 E = Time spent auto-exploring this place.
 F = Levels seen in this place.
 G = Mean time per level.
                   A        B        C        D        E       F      G
               +--------+--------+--------+--------+--------+-----+--------+
         Total |   7369 |   7191 |    178 |     33 |   6159 |   7 | 1052.7 |
       Dungeon |   7328 |   7188 |    140 |     33 |   6159 |   6 | 1221.3 |
        Temple |     40 |      2 |     38 |      0 |      0 |   1 |   40.0 |
               +--------+--------+--------+--------+--------+-----+--------+

Top non-repeatable levels by time:
     D:5: 1641 daAuts
     D:2: 1507 daAuts
     D:4: 1322 daAuts
     D:3: 1116 daAuts
     D:1: 1105 daAuts
     D:6: 633 daAuts
  Temple: 40 daAuts
